AoeStats
← Fabi

Golden Pit

509860746Analyzed
1v1 RM · 3d ago on Sep 28, 2026· 37m 54s· 2 players
Game mode
Random Map
Map size
Tiny (2 player)
Population
200
Speed
Normal
Resources
Standard
Victory
Conquest
Starting age
Dark Age
Ending age
Imperial Age
RankedLock teamsTeams togetherTeam positionsShared explorationLock speedFull tech treeHidden civsTurbo modeCheats
Victory
Defeat
🇫🇷 Mapuche · France
726
+16
🇦🇷 Saxons · Argentina
730
-16
Avelio
8:40 Loom
10:57 Feudal Age
12:52 Champi Runner
14:06 Scale Mail Armor
14:17 Forging
14:59 Double-Bit Axe
15:04 Gold Mining
20:09 Castle Age
19:26 Horse Collar
19:38 Stone Mining
19:51 Padded Archer Armor
21:09 Bow Saw
20:26 Elite Skirmisher
23:08 Leather Archer Armor
22:43 Fletching
23:49 Pikeman
26:41 Wheelbarrow
25:51 Town Watch
27:48 Bodkin Arrow
31:37 Heavy Plow
32:56 Malon
35:38 Gold Shaft Mining
35:38 Stone Shaft Mining
Fabi
3:57 Loom
12:06 Feudal Age
13:29 Double-Bit Axe
13:42 Gold Mining
13:53 Horse Collar
14:55 Wheelbarrow
17:00 Fletching
19:26 Forging
19:04 Arson
21:48 Padded Archer Armor
24:56 Stone Mining
27:51 Castle Age
27:51 Scale Mail Armor
33:27 Iron Casting
32:47 Crossbowman
34:24 Chain Mail Armor
38:56 Imperial Age
Connection lost

Rejoining the realm…

Still unreachable

The connection could not be restored.

Session expired

The server has moved on; the page needs a fresh start.